 Dungeon Crawl Stone Soup version 0.17.1-2-g5865329 (webtiles) character file.

207 romis the Sneak (level 5, 0/39 HPs)
             Began as a Vampire Assassin on Feb 2, 2016.
             Slain by Edmund
             ... wielding a +1 flail of crushing
              (3 damage)
             ... on level 4 of the Dungeon on Feb 4, 2016.
             The game lasted 00:36:47 (3249 turns).

romis the Sneak (Vampire Assassin)                  Turns: 3249, Time: 00:36:47

Health: 0/39       AC:  4    Str: 10    XL:     5   Next: 54%
Magic:  5/5        EV: 13    Int: 13    God:
Gold:   140        SH:  0    Dex: 17    Spells: 0 memorised, 4 levels left

rFire  . . .     SeeInvis +     y - +0 dagger (flame)
rCold  . . .     Clarity  .     c - +0 robe
rNeg   + + .     SustAt   .     (no shield)
rPois  .         Gourm    .     (no helmet)
rElec  .         Spirit   .     d - +0 cloak
rCorr  .         Warding  +     i - +0 pair of gloves
rMut   .         Stasis   .     (no boots)
MR     .....                    E - amulet of warding
Stlth  ++++......               (no ring)
                                (no ring)

@: not resistant to hostile enchantments, stealthy
A: fangs 3, see invisible, unbreathing
a: Bat Form


You were on level 4 of the Dungeon.
You were not thirsty.

You visited 1 branch of the dungeon, and saw 5 of its levels.

You collected 140 gold pieces.

Inventory:

Hand Weapons
 a - a +2 dagger
 b - a +0 blowgun
 j - a cursed -2 whip
 u - a +0 long sword
 y - a +0 dagger of flaming (weapon)
 C - a +0 falchion
Missiles
 e - 4 poisoned needles
 f - 2 curare-tipped needles
 x - 30 arrows
 B - 3 needles of frenzy
Armour
 c - a +0 robe (worn)
 d - a +0 cloak (worn)
 i - a +0 pair of gloves (worn)
 l - a +0 naga barding
 A - a +0 chain mail
Jewellery
 E - an amulet of warding (around neck)
Scrolls
 k - a scroll of recharging {unknown}
 o - 2 scrolls of blinking
 q - a scroll of fog {unknown}
 s - a scroll of noise {unknown}
 w - 2 scrolls of remove curse {unknown}
 z - a scroll of teleportation {unknown}
Potions
 g - 12 potions of blood
 h - 2 potions of invisibility {unknown}
 m - 2 potions of curing {unknown}
 p - a potion of brilliance {unknown}
 r - a potion of lignification {unknown}
 v - a potion of ambrosia {unknown}
Books
 n - a book of Summonings

   Spells                             Type                      Level
   a - Recall                         Summoning/Translocation      3
   b - Aura of Abjuration             Summoning                    5
   c - Shadow Creatures               Summoning                    5
   d - Summon Demon                   Summoning                    5
   e - Summon Forest                  Summoning/Translocation      5
   f - Summon Mana Viper              Hexes/Summoning              5


   Skills:
 + Level 2.4 Fighting
 + Level 2.5 Short Blades
 + Level 2.7 Throwing
 + Level 3.1 Dodging
 + Level 7.6 Stealth


You had 4 spell levels left.
You didn't know any spells.

Dungeon Overview and Level Annotations

Branches:
Dungeon (5/15)
 Temple: D:4-7

Altars:
Gozag
Okawaru
Xom
Zin

Annotations:
D:2 Crazy Yiuf
D:3 antares's ghost, amateur DEWz
D:4 Dowan; Edmund


Innate Abilities, Weirdness & Mutations

You have razor-sharp teeth.
You have supernaturally acute eyesight.
You can survive without breathing.


Message History

Edmund is severely wounded.
You closely miss Edmund.
Edmund is severely wounded.
Edmund hits you but does no damage.
You barely miss Edmund.
Edmund is severely wounded.
Edmund hits you but does no damage.
You hit Edmund. You burn Edmund.
Edmund is severely wounded.
Edmund hits you with a flail of crushing.
You hit Edmund but do no damage.
Edmund is severely wounded.
You hit Edmund but do no damage.
Edmund is severely wounded.
Edmund barely misses you.
You hit Edmund. You burn Edmund.
Edmund is almost dead.
Edmund hits you with a flail of crushing!
* * * LOW HITPOINT WARNING * * *
You die...

#.# #$# #.# #.# ####.###
### ### ##.#
.......####.#.##.#####..#
#.#.#....#..........##
#.....#######.#######
#.#.#....#....#
####.#.####.#.##@#
.....#.# #.#.##@#
####.#.# #...##.# #.#.#
######.# #.#.# ###.#
#.#.#######...#
#.#......##.###
#.######.##.# #.#.##
#.##.# ####....###.##.#


You could see Edmund.

Vanquished Creatures
  A scorpion (D:4)
  An iguana (D:4)
  A worker ant (D:4)
  4 adders
  An ooze (D:2)
  An adder skeleton (D:4)
  A giant gecko (D:4)
  5 orcs (D:3)
  6 goblins (D:1)
  6 hobgoblins
  6 jackals
  2 bats
  4 giant cockroaches
  A giant newt (D:3)
  8 kobolds
  5 rats
53 creatures vanquished.

Notes
Turn   | Place    | Note
--------------------------------------------------------------
     0 | D:1      | romis the Vampire Assassin began the quest for the Orb.
     0 | D:1      | Reached XP level 1. HP: 16/16 MP: 1/1
    66 | D:1      | Reached skill level 6 in Stealth
   465 | D:2      | Reached XP level 2. HP: 22/22 MP: 2/2
  1116 | D:1      | Reached XP level 3. HP: 19/27 MP: 3/3
  1506 | D:2      | Noticed Crazy Yiuf
  1576 | D:2      | Found an opulent altar of Gozag.
  1633 | D:2      | Found an iron altar of Okawaru.
  1653 | D:3      | Noticed antares's ghost (amateur DEWz)
  2018 | D:4      | Noticed Edmund
  2085 | D:3      | Noticed an angel
  2086 | D:3      | Found a glowing silver altar of Zin.
  2086 | D:3      | Found a shimmering altar of Xom.
  2209 | D:3      | Reached skill level 7 in Stealth
  2263 | D:3      | Reached XP level 4. HP: 14/33 MP: 4/4
  2635 | D:4      | Noticed a scorpion
  2648 | D:4      | Killed a scorpion
  2648 | D:4      | Reached XP level 5. HP: 26/38 MP: 5/5
  2683 | D:5      | Entered Level 5 of the Dungeon
  2683 | D:5      | Noticed a centaur
  2732 | D:4      | Noticed Dowan
  3249 | D:4      | Slain by Edmund

Action                   |  1- 3 |  4- 6 || total
-------------------------+-------+-------++-------
Melee: Dagger            |   115 |    97 ||   212
 Fire: Blowgun           |    28 |    16 ||    44
  Use: Scroll            |     4 |     1 ||     5
       Potion            |     3 |     6 ||     9
 Stab: Sleeping          |     9 |     1 ||    10
